 Dungeon Crawl Stone Soup version 0.18-a0-486-gab6c0bd (webtiles) character file.

12506 M4edhros the Covert (level 11, -14/64 HPs)
             Began as an Octopode Artificer on Dec 2, 2015.
             Was an Elder of Fedhas.
             Demolished by Snorg (25 damage)
             ... on level 3 of the Lair of Beasts.
             The game lasted 00:33:40 (11800 turns).

M4edhros the Covert (Octopode Artificer)           Turns: 11800, Time: 00:33:41

Health: -14/64     AC:  8    Str: 11    XL:     11   Next: 94%
Magic:  12/15      EV: 14    Int: 17    God:    Fedhas [****..]
Gold:   263        SH: 21    Dex: 13    Spells: 0 memorised, 10 levels left

rFire  x . .     SeeInvis .     e - +0 blowgun
rCold  + + .     Clarity  .     n - +6 large shield {reflect}
rNeg   + . .     SustAt   .     P - +2 hat
rPois  +         Gourm    .     (no amulet)
rElec  .         Spirit   .     N - ring of ice
rCorr  .         Dismiss  .     L - +3 ring of protection
rMut   .         Stasis   .     h - ring "Xaugicsoda" {rPois rN+}
MR     .....                    t - ring of stealth
Stlth  ++++++++..               (no ring)
                                (no ring)
                                (no ring)
                                (no ring)

@: not resistant to hostile enchantments, extraordinarily stealthy
A: almost no armour, amphibious, 8 rings, constrict 8, repulsion field 1, molten
scales 1, rugged brown scales 1, camouflage 1, cold resistance 1, gelatinous
body 1, subdued magic 1, MP-powered wands
a: Evolution, Sunlight, Growth, Reproduction, Renounce Religion


You were on level 3 of the Lair of Beasts.
You worshipped Fedhas.
Fedhas was greatly pleased with you.
You were very hungry.

You visited 3 branches of the dungeon, and saw 14 of its levels.

You collected 918 gold pieces.
You spent 655 gold pieces at shops.

Inventory:

Hand Weapons
 a - a +0 short sword
 e - a +0 blowgun (weapon)
 i - a +1 hunting sling
 k - a +1 short sword of venom
 H - a +2 whip of electrocution
 K - the +8 morningstar "Uppok" {crush, rF+++ rC- Int+4}
   (You found it on level 7 of the Dungeon)

   It inflicts extra damage upon your enemies.
   It affects your intelligence (+4).
   It renders you almost immune to fire.
   It makes you vulnerable to cold.
 U - a +0 demon blade
Missiles
 f - 458 stones
 u - 13 sling bullets
 x - 12 poisoned needles (quivered)
 R - 4 poisoned sling bullets
Armour
 n - a +6 large shield of reflection (worn)
 P - a +2 hat (worn)
Jewellery
 h - the ring "Xaugicsoda" (on tentacle) {rPois rN+}
   (You found it on level 5 of the Dungeon)

   [ring of poison resistance]

   It protects you from poison.
   It protects you from negative energy.
 t - a ring of stealth (on tentacle)
 A - an uncursed ring of teleportation
 L - a +3 ring of protection (right tentacle)
 N - a ring of ice (left tentacle)
Wands
 b - a wand of flame (8)
 c - a wand of enslavement (11)
 d - a wand of random effects (10)
 F - a wand of confusion (23)
 J - a wand of random effects (16)
Scrolls
 j - 2 scrolls of magic mapping
 s - 4 scrolls of identify
 w - 2 scrolls of fear
 y - 2 scrolls of noise
 E - 4 scrolls of remove curse
 I - a scroll of amnesia
 O - a scroll of fog
 Q - a scroll of summoning
 V - a scroll of teleportation
Potions
 l - 2 potions of haste
 p - a potion of berserk rage
 q - a potion of curing
 r - 2 potions of brilliance
 z - a potion of lignification
 C - 2 potions of agility
 D - a potion of degeneration
 G - 2 potions of might
 S - a potion of flight
Books
 g - a Necronomicon

   Spells                             Type                      Level
   a - Haunt                          Necromancy/Summoning         7
   b - Borgnjor's Revivification      Necromancy                   8
   c - Death's Door                   Charms/Necromancy            8
   d - Necromutation                  Transmutation/Necromancy     8
 B - a book of Cantrips

   Spells                             Type                      Level
   a - Corona                         Hexes                        1
   b - Animate Skeleton               Necromancy                   1
   c - Summon Small Mammal            Summoning                    1
   d - Apportation                    Translocation                1
 M - a book of Summonings

   Spells                             Type                      Level
   a - Recall                         Summoning/Translocation      3
   b - Aura of Abjuration             Summoning                    5
   c - Shadow Creatures               Summoning                    5
   d - Summon Demon                   Summoning                    5
   e - Summon Forest                  Summoning/Translocation      5
   f - Summon Mana Viper              Hexes/Summoning              5
 T - a book of Ice

   Spells                             Type                      Level
   a - Ice Form                       Ice/Transmutation            4
   b - Metabolic Englaciation         Hexes/Ice                    5
   c - Ozocubu's Refrigeration        Ice                          6
   d - Bolt of Cold                   Conjuration/Ice              6
   e - Freezing Cloud                 Conjuration/Ice/Air          6
   f - Simulacrum                     Ice/Necromancy               6
Comestibles
 m - 2 slices of pizza
 o - 16 fruits
 v - 5 bread rations


   Skills:
 + Level 1.0 Fighting
 - Level 1.0 Short Blades
 - Level 9.4 Slings
 + Level 6.8 Dodging
 * Level 12.7 Stealth
 * Level 8.9 Shields
 + Level 6.6 Invocations
 - Level 6.2 Evocations


You had 10 spell levels left.
You didn't know any spells.

Dungeon Overview and Level Annotations

Branches:
Dungeon (10/15)            Temple (1/1) D:4            Lair (3/8) D:9
    Orc (0/4) D:10
  Swamp: Lair:3-6    Shoals: Lair:3-6     Snake: Lair:3-6    Spider: Lair:3-6

Altars:
Ashenzari
Cheibriados
Dithmenos
Elyvilon
Fedhas
Gozag
Kikubaaqudgha
Makhleb
Nemelex Xobeh
Okawaru
Qazlal
Ru
Sif Muna
Trog
Vehumet
Xom
Yredelemnul
Zin
The Shining One

Shops:
D:5 }:=*%   D:7 ((   D:10 }

Annotations:
Lair:3 Snorg


Innate Abilities, Weirdness & Mutations

You cannot wear most types of armour.
You are amphibious.
You can wear up to eight rings at the same time.
You can use your tentacles to constrict eight enemies at once.
Your skin changes colour to match your surroundings (Stealth).
Your rubbery body absorbs attacks (AC +1).
You are surrounded by a mild repulsion field (EV +2).
You are partially covered in molten scales (AC +1).
You are partially covered in rugged brown scales (AC +1, +3% HP).
Your flesh is cold resistant.
Your spells are a little easier to cast, but a little less powerful.
You expend magic power (3 MP) to strengthen your wands.


Message History

Your wandering mushroom is destroyed!
You feel a little guilty.
Firing (i - inventory. (,) - cycle):
x - 13 poisoned needles (quivered)
Press: ? - help, Shift-Dir - straight line, f/p - Snorg
Aim: Snorg (almost dead, berserk, fast, unusually strong, poisoned)
You shoot a poisoned needle. The poisoned needle hits Snorg!
Snorg is almost dead.
Evoke which item? (* to show all) (? for menu, Esc to quit)
Zapping:
b - a wand of flame (9)
Press: ? - help, Shift-Dir - straight line, f/p - Snorg
Aim: Snorg (almost dead, berserk, fast, unusually strong, poisoned)
The puff of flame hits Snorg.
Snorg is almost dead.
This wand has 8 charges left.
You block Snorg's attack. Snorg claws you but does no damage. Snorg claws you!!
* * * LOW HITPOINT WARNING * * *
Snorg bites you!!
You die...
Xom chortles!
Fedhas appreciates your contribution to the ecosystem.

#.###### ##....#P#
#..#.#.## #....###
##...#...###....# .
#((......##.....##.
##(#.....P##รท...##.
#.(###...###.......
##(#.###..##....###
#T..###.##.....##.
##@................
#........#.........
##......##.........
#P.....##...##..##.
#....###...##..## P
##.###.....#...P .
#..# ....##.......
##.# .....##.......
#.#ss...##....#...


You could see Snorg (berserk).

Vanquished Creatures
  Urug (Lair:2)
  Pikel (D:6)
  2 spiny frogs (Lair:2)
  A troll (D:10)
  5 blink frogs
  Sigmund (D:6)
  3 hippogriffs
  8 yaks
  Grum (D:8)
  Menkaure (D:7)
  8 wolves
  5 porcupines
  A sky beast (D:9)
  A slave (D:7)
  A black bear (D:9)
  3 ogres
  2 water moccasins (Lair:2)
  An orc warrior (D:6)
  A phantom (D:4)
  6 crocodiles
  3 centaurs
  A big kobold (D:9)
  6 giant frogs
  4 scorpions
  6 wights
  A hound (D:6)
  4 crimson imps
  6 orc wizards
  Crazy Yiuf (D:3)
  3 orc priests
  3 giant frog skeletons
  Terence (D:3)
  7 iguanas
  A quasit (D:8)
  A worker ant (D:9)
  A hound skeleton (D:4)
  6 adders
  12 river rats
  A shadow imp (D:10)
  2 oozes
  3 adder skeletons
  3 worms
  2 giant geckos
  29 orcs
  9 giant cockroaches
  9 hobgoblins
  9 jackals
  4 quokkas
  2 ball pythons (D:3)
  12 bats
  A giant newt (D:4)
  6 goblins
  10 kobolds
  2 quokka skeletons
  8 rats
232 creatures vanquished.

Vanquished Creatures (collateral kills)
  2 hydras
  An unseen horror (D:10)
  A spiny frog (Lair:3)
  Psyche (D:10)
  A komodo dragon (Lair:1)
  3 blink frogs
  2 yaks (Lair:2)
  3 wolves
  An ice beast (D:8)
  An orc warrior (D:10)
  3 phantoms
  An eye of draining (D:9)
  3 sky beasts
  A centaur (D:9)
  A giant frog (Lair:3)
  A scorpion (D:9)
  2 wights (D:10)
  A jelly (D:5)
  An orc wizard (D:9)
  A hound (D:5)
  6 orc priests
  A giant frog skeleton (D:7)
  2 worker ants
  An adder (D:6)
  3 river rats (Lair:3)
  15 orcs
  A bat (D:3)
  A giant cockroach (D:7)
  A goblin (D:2)
  A hobgoblin (D:2)
  A jackal (D:9)
64 creatures vanquished.

Vanquished Creatures (others)
  A slave (D:7)
  A necrophage (D:10)
  A scorpion (D:7)
  A goblin (D:2)
  2 jackals (D:7)
  A kobold (D:3)
  14 wandering mushrooms
  2 fungi
  A plant (Lair:1)
  233 toadstools
257 creatures vanquished.

Grand Total: 553 creatures vanquished

Notes
Turn   | Place    | Note
--------------------------------------------------------------
     0 | D:1      | M4edhros the Octopode Artificer began the quest for the Orb.
     0 | D:1      | Reached XP level 1. HP: 13/13 MP: 3/3
    64 | D:1      | Found a sparkling altar of Nemelex Xobeh.
    74 | D:1      | Reached XP level 2. HP: 4/18 MP: 4/4
   738 | D:2      | Reached XP level 3. HP: 6/23 MP: 5/5
  1139 | D:3      | Reached skill level 4 in Evocations
  1186 | D:4      | Found a glowing golden altar of the Shining One.
  1188 | D:4      | Found a deep blue altar of Sif Muna.
  1192 | D:4      | Noticed a phantom
  1257 | D:4      | Killed a phantom
  1257 | D:4      | Reached skill level 1 in Slings
  1257 | D:4      | Reached XP level 4. HP: 28/28 MP: 7/7
  1257 | D:4      | Reached XP level 5. HP: 33/33 MP: 8/8
  1353 | D:4      | Found a glowing silver altar of Zin.
  1406 | D:4      | Found a staircase to the Ecumenical Temple.
  1415 | Temple   | Entered the Ecumenical Temple
  1621 | Temple   | Became a worshipper of Xom of Chaos
  1634 | Temple   | Fell from the grace of Xom
  1634 | Temple   | Became a worshipper of Fedhas Madash
  1919 | D:1      | Reached skill level 1 in Shields
  2002 | D:2      | XOM: medium Divn miscast
  2189 | D:2      | XOM: give mutations
  2189 | D:2      | Gained mutation: You are frail (-10% HP). [Xom's mischief]
  2189 | D:2      | Gained mutation: You are dopey. (Int -2) [Xom's mischief]
  2233 | D:2      | XOM: mild Conj miscast
  2445 | D:2      | XOM: mild Hex miscast
  2478 | D:2      | Reached * piety under Fedhas
  2551 | D:3      | Reached XP level 6. HP: 30/34 MP: 9/9
  2611 | D:3      | Noticed Crazy Yiuf
  2618 | D:3      | Killed Crazy Yiuf
  2693 | D:3      | Noticed Terence
  2835 | D:3      | Found a snail-covered altar of Cheibriados.
  2924 | D:2      | XOM: give mutation
  2924 | D:2      | Gained mutation: You are very frail (-20% HP). [Xom's mischief]
  3194 | D:3      | Killed Terence
  3234 | D:3      | Reached skill level 5 in Stealth
  3234 | D:3      | Reached XP level 7. HP: 24/34 MP: 10/10
  3451 | D:3      | Reached ** piety under Fedhas
  3988 | D:5      | Entered Level 5 of the Dungeon
  3992 | D:5      | Got a faintly glowing iron ring
  3999 | D:5      | Identified the ring "Xaugicsoda" {rPois rN+} (You found it on level 5 of the Dungeon)
  4060 | D:5      | Found Hywneu's Food Emporium.
  4120 | D:5      | Found Dour Jene's Book Emporium.
  4122 | D:5      | Found Nublim's Gadget Emporium.
  4180 | D:5      | Found Ovirauta's Jewellery Shoppe.
  4188 | D:5      | Bought an uncursed ring of stealth for 175 gold pieces
  4340 | D:5      | Found Voutyrac's General Store.
  4515 | D:6      | Lost mutation: You are very frail (-20% HP). [potion of cure mutation]
  4515 | D:6      | Lost mutation: You are frail (-10% HP). [potion of cure mutation]
  4515 | D:6      | Lost mutation: You are dopey. (Int -2) [potion of cure mutation]
  4604 | D:6      | Reached skill level 1 in Invocations
  4609 | D:6      | Gained mutation: You expend magic power (3 MP) to strengthen your wands. [mutagenic meat]
  4610 | D:6      | Gained mutation: Your system is resistant to poisons. [mutagenic meat]
  4613 | D:6      | Gained mutation: You are partially covered in rugged brown scales (AC +1, +3% HP). [mutagenic meat]
  4691 | D:6      | Reached skill level 6 in Stealth
  4697 | D:6      | Noticed Sigmund
  4713 | D:6      | Reached XP level 8. HP: 38/49 MP: 11/11
  4764 | D:6      | Killed Sigmund
  4764 | D:6      | Reached skill level 7 in Stealth
  4822 | D:6      | XOM: noise
  4932 | D:6      | XOM: mild Divn miscast
  5016 | D:6      | XOM: medium Hex miscast
  5038 | D:6      | Reached skill level 5 in Slings
  5359 | D:6      | Reached *** piety under Fedhas
  5371 | D:7      | Noticed Pikel
  5376 | D:7      | Noticed Menkaure
  5383 | D:6      | Killed Pikel
  5383 | D:6      | XOM: mild Necr miscast
  5517 | D:7      | Reached skill level 8 in Stealth
  5518 | D:7      | Killed Menkaure
  5518 | D:7      | Reached skill level 5 in Shields
  5518 | D:7      | Reached XP level 9. HP: 26/54 MP: 12/12
  5550 | D:7      | Found an opulent altar of Gozag.
  5550 | D:7      | Found a bloodstained altar of Trog.
  6074 | D:8      | Noticed Grum
  6081 | D:8      | Killed Grum
  6081 | D:8      | Reached skill level 9 in Stealth
  6150 | D:8      | XOM: medium Erth miscast
  6326 | D:8      | Gained mutation: You are somewhat resistant to further mutation. [potion of mutation]
  6326 | D:8      | Gained mutation: You are somewhat resistant to both further mutation and mutation removal. [potion of mutation]
  6329 | D:8      | Found an iron altar of Okawaru.
  6535 | D:9      | XOM: noise
  6535 | D:9      | Found a staircase to the Lair.
  6545 | D:9      | Reached skill level 5 in Evocations
  6549 | D:9      | Lost mutation: You expend magic power (3 MP) to strengthen your wands. [potion of cure mutation]
  6549 | D:9      | Lost mutation: You are somewhat resistant to both further mutation and mutation removal. [potion of cure mutation]
  6550 | D:9      | Lost mutation: You are somewhat resistant to further mutation. [potion of cure mutation]
  6550 | D:9      | Lost mutation: Your system is resistant to poisons. [potion of cure mutation]
  6551 | D:9      | Gained mutation: You expend magic power (3 MP) to strengthen your wands. [mutagenic meat]
  6557 | D:9      | Gained mutation: Your flesh is cold resistant. [potion of beneficial mutation]
  6998 | D:9      | Reached skill level 5 in Dodging
  7244 | D:9      | Reached XP level 10. HP: 32/59 MP: 13/13
  7252 | D:9      | Gained mutation: You are partially covered in molten scales (AC +1). [mutagenic meat]
  7253 | D:9      | Gained mutation: You are surrounded by a mild repulsion field (EV +2). [mutagenic meat]
  7256 | D:9      | Gained mutation: Your spells are a little easier to cast, but a little less powerful. [mutagenic meat]
  7387 | D:9      | Reached skill level 10 in Stealth
  7650 | D:9      | XOM: medium Ice miscast
  7660 | D:10     | Entered Level 10 of the Dungeon
  8010 | D:10     | Noticed an unseen horror
  8011 | D:10     | Killed an unseen horror
  8034 | D:10     | XOM: silly message
  8064 | D:10     | Noticed Psyche
  8068 | D:10     | Killed Psyche
  8093 | D:10     | Found a snail-covered altar of Cheibriados.
  8314 | D:10     | Found Icidoin's Gadget Shop.
  8367 | D:10     | Found a staircase to the Orcish Mines.
  8417 | D:10     | XOM: harmless Summ miscast
  8499 | D:7      | Reached skill level 5 in Invocations
  8552 | D:7      | Found Xoed's Weapon Shop.
  8721 | D:7      | Got a crude morningstar
  8722 | D:7      | Identified the +8 morningstar "Uppok" {crush, rF+++ rC- Int+4} (You found it on level 7 of the Dungeon)
  8752 | D:7      | Found Yloedief's Weapon Shop.
  9126 | D:5      | Bought a +3 ring of protection for 315 gold pieces
  9126 | D:5      | Bought a +1 hat for 165 gold pieces
  9280 | Lair:1   | Entered Level 1 of the Lair of Beasts
  9292 | Lair:1   | XOM: noise
  9332 | Lair:1   | XOM: silly message
  9528 | Lair:1   | Reached skill level 11 in Stealth
  9579 | Lair:1   | XOM: harmless Air miscast
  9598 | Lair:1   | XOM: harmless Conj miscast
  9738 | Lair:1   | XOM: harmless Tloc miscast
  9752 | Lair:1   | XOM: harmless Trmt miscast
  9983 | Lair:1   | Reached XP level 11. HP: 64/64 MP: 15/15
 10112 | Lair:1   | XOM: harmless Trmt miscast
 10386 | Lair:2   | Reached **** piety under Fedhas
 10600 | Lair:2   | XOM: harmless Necr miscast
 10680 | Lair:2   | Noticed Urug
 10756 | Lair:2   | Reached skill level 12 in Stealth
 10852 | Lair:2   | Killed Urug
 11232 | Lair:2   | Noticed a five-headed hydra
 11243 | Lair:2   | Killed a five-headed hydra
 11543 | Lair:3   | Noticed a five-headed hydra
 11555 | Lair:3   | Killed a five-headed hydra
 11607 | Lair:3   | Noticed Snorg
 11800 | Lair:3   | Demolished by Snorg

Vault maps used:
D:1:      dpeg_arrival_subterranean_lakeside_camping,
          nemelex_xobeh_ov_fountains_minmay
D:2:      minmay_goblin_outpost
D:3:      overflow_temple_1_default, uniq_crazy_yiuf_cottage, uniq_terence
D:4:      nicolae_overflow_hidden_temple, temple_pool_b
D:5:      serial_shops, kennysheep_little_box, nicolae_shop_trees,
          kennysheep_mini_moat, shop, shop_fountains, first_bread, minivault_19
D:6:      minmay_misc_feat_more_columns, uniq_sigmund
D:7:      grunt_temple_overflow_open, serial_shops, shop, nicolae_shop_trees,
          uniq_menkaure, uniq_pikel
D:8:      okawaru_trees_1, uniq_grum
D:9:      lair_0_dummy
D:10:     hiddenorc1_lemuel, serial_shops, nicolae_shop_crystal,
          cheibriados_altar_1, uniq_psyche
Temple:   oiseaux_autumnal_temple_12
Lair:1:   grunt_megastairs_2
Lair:2:   minivault_24, lemuel_fruit_tree, serial_bayou_shore_b, uniq_urug
Lair:3:   spider_nest_entry_funnel_web, uniq_snorg

Action                   |  1- 3 |  4- 6 |  7- 9 | 10-12 || total
-------------------------+-------+-------+-------+-------++-------
Melee: Short sword       |    46 |   103 |   136 |   111 ||   396
       Whip              |       |       |     9 |       ||     9
       Morningstar       |       |       |       |   186 ||   186
 Fire: Hunting sling     |     6 |     9 |   184 |    29 ||   228
       Blowgun           |       |       |       |     6 ||     6
Invok: Evolution         |       |     1 |     5 |     8 ||    14
       Sunlight          |       |       |     3 |     2 ||     5
Evoke: Wand              |     9 |     4 |     3 |     7 ||    23
  Use: Scroll            |       |       |    16 |    12 ||    28
       Potion            |       |       |    12 |       ||    12
 Stab: Sleeping          |     1 |     8 |    13 |    24 ||    46
       Distracted        |       |     1 |       |       ||     1
       Confused          |       |       |     2 |     6 ||     8
  Eat: Chunk             |     1 |     3 |     6 |     8 ||    18
       Bread ration      |       |     1 |       |     1 ||     2
       Meat ration       |       |       |     2 |     1 ||     3
       Beef jerky        |       |       |       |     3 ||     3
